 Dungeon Crawl Stone Soup version 0.31-a0-949-g57150269e1 (webtiles) character file.

Game seed: 13245297108604245649

166 miscthings the Changeling (level 5, -2/28 HPs)
             Began as an Octopode Shapeshifter on Oct 22, 2023.
             Slain by Edmund
             ... wielding a +2 dire flail of holy wrath
              (13 damage)
             ... on level 4 of the Dungeon.
             The game lasted 00:05:15 (2419 turns).

miscthings the Changeling (Octopode Shapeshifter)   Turns: 2419, Time: 00:05:16

Health: -2/28      AC:  1    Str: 15    XL:     5   Next: 47%
Magic:  5/5        EV: 13    Int: 19    God:
Gold:   134        SH:  0    Dex: 11    Spells: 4/4 levels left

rFire   . .          .
                       - Unarmed
rCold   . . .        (shield currently unavailable)
rNeg    + . .        (helmet restricted)
rPois   .            (no amulet)
rElec   .            f - ring of positive energy
rCorr   .            n - +6 ring of intelligence
SInv    +            p - ring of see invisible
Will    .....        (no ring)
Stlth   +            (no ring)
HPRegen 0.24/turn    (no ring)
MPRegen 0.09/turn    (no ring)
                     (no ring)

%: no passive effects
@: flux-form, glowing
A: glow, contaminating, reduced hp, almost no armour, amphibious, 8 rings,
camouflage 1, gelatinous body 1, (nimble swimmer 1), tentacles
a: Begin Untransformation


You were on level 4 of the Dungeon.
You were something dangerously unstable.
You visited 1 branch of the dungeon, and saw 4 of its levels.

You collected 134 gold pieces.

Inventory:

Jewellery
 f - a ring of positive energy (left tentacle)
 m - a ring of ice
 n - a +6 ring of intelligence (right tentacle)
 p - a ring of see invisible (on tentacle)
Talismans
 b - a beast talisman
 c - a flux talisman (active)
Wands
 e - a wand of iceblast (8)
Scrolls
 d - 4 scrolls of teleportation {unknown}
 g - 2 scrolls of blinking {unknown}
 l - 3 scrolls of identify {unknown}
 o - a scroll of torment {unknown}
 q - 2 scrolls of fear {unknown}
 r - a scroll of poison {unknown}
 s - a scroll of amnesia {unknown}
 t - a scroll of silence {unknown}
Potions
 a - a potion of lignification
 h - 2 potions of enlightenment {unknown}
 i - a potion of heal wounds {unknown}
 j - a potion of haste
 k - a potion of invisibility {unknown}


   Skills:
 - Level 1.0 Fighting
 - Level 2.0 Dodging
 - Level 3.0 Unarmed Combat
 + Level 5.6 Shapeshifting


You had 4 spell levels left.
You didn't know any spells.
Your spell library was empty.

Dungeon Overview and Level Annotations

Branches:
Dungeon (4/15)
 Temple: D:4-7

Altars:

Annotations:
D:4 Edmund, Grinder


Innate Abilities, Weirdness & Mutations

You are something dangerously unstable.
You glow with magical radiation, making you easy to see and hit.
Foes you strike become dangerously contaminated with magical radiation.
Your maximum health is decreased, since you lack skill for your form.
You are incapable of wielding weapons or throwing items.
You cannot wear most types of armour.
You are amphibious.
You can wear up to eight rings at the same time.
Your skin changes colour to match your surroundings (Stealth+).
Your rubbery body absorbs attacks. (AC +1, EV +1)
((You are camouflaged when in or above water. (Stealth+)))
You have tentacles for arms and can constrict up to eight enemies at once.


Message History

You can move again.
There is a stone staircase leading up here.
The jackal bites you but does no damage.
Grinder gestures at you. Pain shoots through your body!
You climb upwards.
There is a stone staircase leading down here.
You tentacle-slap the jackal. You grab the jackal. You squeeze the jackal.
You kill the jackal!
There is a stone staircase leading down here.
Unknown command.
Unknown command.
You start resting.
HP restored.
Okay, then.
You begin transforming.
You continue transforming. x3
Your transformation has ended.
You turn into something dangerously unstable.
You climb downwards.
Level annotation: Edmund, Grinder Edmund shouts!
Edmund hits you with a +2 dire flail of holy wrath.
There is a stone staircase leading up here.
You tentacle-slap Edmund but do no damage.
Edmund begins to glow.
You grab Edmund. You constrict Edmund. Edmund completely misses you.
You tentacle-slap Edmund but do no damage.
Edmund glows dangerously bright.
You squeeze Edmund, but do no damage.
Edmund is lightly wounded.
You constrict Edmund.
Edmund hits you with a +2 dire flail of holy wrath!
Ouch! That really hurt!
You tentacle-slap Edmund but do no damage.
Edmund shudders as magic cascades through him!
Edmund twists and deforms.
Edmund is moderately wounded.
You constrict Edmund.
Edmund hits you with a +2 dire flail of holy wrath!
You die...
Edmund whines, "They better pay attention to me now!"

###########
#######.@p.......
#.......########.
.....#....## .##
#.....# #......#
........#
#.##...... #.
######## #


You could see Edmund (misshapen).

Vanquished Creatures
  An orc wizard (D:3)
  6 adders
  4 worms (D:2)
  A dart slug (D:1)
  2 orcs (D:3)
  5 ball pythons
  5 endoplasms
  A giant cockroach (D:2)
  5 goblins
  6 hobgoblins
  3 jackals (D:3)
  5 kobolds
  7 quokkas
  11 bats
  2 frilled lizards (D:1)
  3 rats
67 creatures vanquished.

Notes
Turn   | Place    | Note
-------+----------+-------------------------------------------
     0 | D:1      | miscthings the Octopode Shapeshifter began the quest for
                  | the Orb.
     0 | D:1      | Reached XP level 1. HP: 13/13 MP: 1/1
   278 | D:1      | Reached XP level 2. HP: 18/18 MP: 2/2
   360 | D:1      | Found a faded altar of an unknown god.
   589 | D:1      | Reached XP level 3. HP: 17/23 MP: 3/3
   592 | D:1      | Reached skill level 4 in Shapeshifting
  1354 | D:2      | Reached XP level 4. HP: 24/28 MP: 4/4
  1768 | D:3      | Reached skill level 5 in Shapeshifting
  1882 | D:3      | Reached XP level 5. HP: 32/33 MP: 5/5
  2227 | D:4      | Noticed Edmund
  2322 | D:4      | Noticed Grinder
  2326 | D:4      | Paralysed by Grinder for 4 turns
  2419 | D:4      | Slain by Edmund

Illustrated notes

Levels and vault maps discovered:
D:1:      kilobyte_arrival_exit_the_forest, layout_basic,
          chequers_ecumenical_altar_simple
D:2:      layout_loops_corners, due_unseen_surprise
D:3:      layout_basic
D:4:      layout_rooms, uniq_grinder, uniq_edmund

Skill      XL: |  1  2  3  4 |
---------------+-------------+-----
Shapeshifting  | 4 5 |  5.6
Fighting       | |  1.0
Dodging        | |  2.0
Unarmed Combat | |  3.0

Action                     |  1- 3 |  4- 6 || total
---------------------------+-------+-------++-------
  Melee: Unarmed           |    70 |    66 ||   136
         Constrict         |    14 |    19 ||    33
         Tentacles         |     8 |    14 ||    22
         Punch             |     2 |     1 ||     3
    Use: Potion            |     2 |       ||     2
   Stab: Sleeping          |     8 |     4 ||    12
 Armour: Skin              |    20 |    35 ||    55
  Dodge: Dodged            |    28 |    40 ||    68
   Form: Flux              |       |     1 ||     1

Table legend: (Time is in decaauts)
 A = Elapsed time spent in this place.
 B = Non-inter-level travel time spent in this place.
 C = Inter-level travel time spent in this place.
 D = Time resting spent in this place.
 E = Time spent auto-exploring this place.
 F = Levels seen in this place.
 G = Mean time per level.
                   A        B        C        D        E       F      G
               +--------+--------+--------+--------+--------+-----+--------+
         Total |   2392 |   2189 |    203 |     81 |   1601 |   4 |  598.0 |
       Dungeon |   2392 |   2189 |    203 |     81 |   1601 |   4 |  598.0 |
               +--------+--------+--------+--------+--------+-----+--------+

Top non-repeatable levels by time:
     D:1: 882 daAuts
     D:2: 818 daAuts
     D:3: 655 daAuts
     D:4: 35 daAuts
